 Dungeon Crawl Stone Soup version 0.21.1-1-g345015f (webtiles) character file.

179 tidbits the Grave Robber (level 5, 0/42 HPs)
             Began as a Gnoll Necromancer on June 13, 2018.
             Succumbed to a worker ant's poison
             ... on level 4 of the Dungeon.
             The game lasted 00:04:24 (466 turns).

tidbits the Grave Robber (Gnoll Necromancer)         Turns: 466, Time: 00:04:25

Health: 0/42       AC:  3    Str: 11    XL:     5   Next: 59%
Magic:  0/14       EV: 22    Int: 18    God:
Gold:   97         SH:  0    Dex: 20    Spells: 9/17 levels left

rFire    . . .     SeeInvis .   a - +0 short sword (speed)
rCold    . . .     Gourm    .   (no shield)
rNeg     . . .     Faith    .   n - +0 robe
rPois    .         Spirit   .   (no helmet)
rElec    .         Reflect  .   (no cloak)
rCorr    .         Harm     .   G - +0 pair of gloves
MR       .....                  (no boots)
Stlth    ++++......             g - amulet of rage
HPRegen  0.14/turn              (no ring)
MPRegen  0.14/turn              (no ring)

@: agile, lethally poisoned (0 -> 0)
A: distributed training, fangs 1, strong nose
a: Evoke Berserk Rage


You were on level 4 of the Dungeon.
You were not hungry.

You visited 1 branch of the dungeon, and saw 5 of its levels.

You collected 97 gold pieces.

Inventory:

Hand Weapons
 a - a +0 short sword of speed (weapon)
   (You found it on level 3 of the Dungeon)
 m - a +0 dagger
 p - a +0 rapier
Missiles
 d - 45 stones (quivered)
Armour
 n - a +0 robe (worn)
 G - a +0 pair of gloves (worn)
Jewellery
 g - an amulet of rage (around neck)
   (You found it on level 4 of the Dungeon)
Scrolls
 e - 2 scrolls of random uselessness {unknown}
 f - a scroll of immolation {unknown}
 h - 6 scrolls of identify {unknown}
 i - 2 scrolls of amnesia {unknown}
 j - a scroll of enchant armour {unknown}
 k - 2 scrolls of noise {unknown}
 o - a scroll of teleportation {unknown}
Books
 b - a book of Necromancy

   Spells                             Type                      Level
   a - Pain                           Necromancy                   1
   b - Animate Skeleton               Necromancy                   1
   c - Vampiric Draining              Necromancy                   3
   d - Regeneration                   Charms/Necromancy            3
   e - Animate Dead                   Necromancy                   4
   f - Borgnjor's Vile Clutch         Necromancy/Earth             5
Comestibles
 c - 4 rations
 q - 2 chunks of flesh


   Skills:
 + Level 4.0 Fighting
 + Level 4.0 Short Blades
 + Level 4.0 Long Blades
 + Level 4.0 Axes
 + Level 4.0 Maces & Flails
 + Level 4.0 Polearms
 + Level 4.0 Staves
 + Level 4.0 Slings
 + Level 4.0 Bows
 + Level 4.0 Crossbows
 + Level 4.0 Throwing
 + Level 4.0 Armour
 + Level 6.2 Dodging
 + Level 5.9 Stealth
 + Level 4.0 Shields
 + Level 4.0 Unarmed Combat
 + Level 6.5 Spellcasting
 + Level 3.3 Conjurations
 + Level 3.3 Hexes
 + Level 3.3 Charms
 + Level 3.3 Summonings
 + Level 7.9 Necromancy
 + Level 3.3 Translocations
 + Level 3.3 Transmutations
 + Level 3.3 Fire Magic
 + Level 3.3 Ice Magic
 + Level 3.3 Air Magic
 + Level 3.3 Earth Magic
 + Level 3.3 Poison Magic
 + Level 4.5 Invocations
 + Level 4.0 Evocations


You had 9 spell levels left.
You knew the following spells:

 Your Spells              Type           Power        Failure   Level  Hunger
a - Pain                  Necr           ####         1%          1    None
d - Vampiric Draining     Necr           ####......   1%          3    ##.....
n - Animate Skeleton      Necr           N/A          1%          1    None
r - Regeneration          Chrm/Necr      ####......   3%          3    ##.....


Dungeon Overview and Level Annotations

Branches:
Dungeon (5/15)
 Temple: D:4-7

Altars:


Innate Abilities, Weirdness & Mutations

Your experience applies equally to all skills.
You have very sharp teeth.
Your uncanny sense of smell can sniff out nearby items.


Message History

Aiming: Vampiric Draining
Press: ? - help, Shift-Dir - straight line, f/p - worker ant
Aim: a worker ant (moderately wounded)
The worker ant is almost dead.
You feel life coursing into your body. The worker ant barely misses you.
Casting: Vampiric Draining
Confirm with . or Enter, or press ? or * to list all spells.
Aiming: Pain
Press: ? - help, Shift-Dir - straight line, f/p - worker ant
Aim: a worker ant (almost dead, chance to defeat MR: 89%)
The worker ant writhes in agony!
The worker ant bites you.
* * * LOW HITPOINT WARNING * * *
You are poisoned.
The worker ant poisons you!
You hit the worker ant.
You kill the worker ant!
You feel sick.
You feel sick.
You see here a worker ant corpse.
You butcher the worker ant corpse.
You feel sick.
You see here 2 chunks of flesh.
q - 2 chunks of flesh You feel sick.
You feel sick.
You feel sick.
You see here a scroll labeled WIDDAS SICYSCH.
e - 2 scrolls labeled WIDDAS SICYSCH (gained 1) It was a potion of agility.
You feel agile all of a sudden.
You feel sick.
You feel sick.
Found a dented ruby amulet and a scroll labeled DAVIXILUPN.
Unknown command.
You feel sick.
You see here a dented ruby amulet.
g - a dented ruby amulet Put on which piece of jewellery? (? for menu, Esc to quit)
g - an amulet of rage (around neck)
You feel sick.
An adder comes into view.
The adder hisses angrily.
It was a potion of experience.
You feel more experienced!
Your Fighting skill gained 3 levels and is now at level 4!
Your Short Blades skill gained 3 levels and is now at level 4!
Your Long Blades skill gained 3 levels and is now at level 4!
Your Axes skill gained 3 levels and is now at level 4!
Your Maces & Flails skill gained 3 levels and is now at level 4!
Your Polearms skill gained 3 levels and is now at level 4!
Your Staves skill gained 3 levels and is now at level 4!
Your Slings skill gained 3 levels and is now at level 4!
Your Bows skill gained 3 levels and is now at level 4!
Your Crossbows skill gained 3 levels and is now at level 4!
Your Throwing skill gained 3 levels and is now at level 4!
Your Armour skill gained 3 levels and is now at level 4!
Your Dodging skill gained 2 levels and is now at level 6!
Your Stealth skill increases to level 5!
Your Shields skill gained 3 levels and is now at level 4!
Your Unarmed Combat skill gained 3 levels and is now at level 4!
Your Spellcasting skill increases to level 6!
Your Conjurations skill gained 3 levels and is now at level 3!
Your Hexes skill gained 3 levels and is now at level 3!
Your Charms skill gained 3 levels and is now at level 3!
Your Summonings skill gained 3 levels and is now at level 3!
Your Translocations skill gained 3 levels and is now at level 3!
Your Transmutations skill gained 3 levels and is now at level 3!
Your Fire Magic skill gained 3 levels and is now at level 3!
Your Ice Magic skill gained 3 levels and is now at level 3!
Your Air Magic skill gained 3 levels and is now at level 3!
Your Earth Magic skill gained 3 levels and is now at level 3!
Your Poison Magic skill gained 3 levels and is now at level 3!
Your Invocations skill gained 3 levels and is now at level 4!
Your Evocations skill gained 3 levels and is now at level 4!
You have reached level 5!
You feel sick.
Casting: Pain
Confirm with . or Enter, or press ? or * to list all spells.
Aiming: Pain
Press: ? - help, Shift-Dir - straight line, f - adder
Aim: an adder (chance to defeat MR: 89%)
The adder writhes in agony!
Casting: Pain
Confirm with . or Enter, or press ? or * to list all spells.
Aiming: Pain
Press: ? - help, Shift-Dir - straight line, f/p - adder
Aim: an adder (moderately wounded, chance to defeat MR: 89%)
The adder barely resists.
Casting: Pain
Confirm with . or Enter, or press ? or * to list all spells.
Aiming: Pain
Press: ? - help, Shift-Dir - straight line, f/p - adder
Aim: an adder (moderately wounded, chance to defeat MR: 89%)
The adder writhes in agony!
The adder bites you but does no damage.
Casting: Pain
Confirm with . or Enter, or press ? or * to list all spells.
Aiming: Pain
Press: ? - help, Shift-Dir - straight line, f/p - adder
Aim: an adder (severely wounded, chance to defeat MR: 89%)
The adder barely resists.
You die...

#.......#
#.###
#####...#
#.# #...#
#.#
#...#######
#.#
#.........#
###
#......####
###....#
#....##
#..@..#
#..S..#
#?....#
#.....#
#.....#
#.....#
#.....#
#.....#


You could see an adder.

Vanquished Creatures
  A hound (D:5)
  A worker ant (D:4)
  An adder (D:2)
  3 dart slugs
  A giant cockroach (D:1)
  3 goblins
  2 hobgoblins
  A jackal (D:2)
  4 bats
  A frilled lizard (D:2)
  A kobold (D:2)
  5 rats
24 creatures vanquished.

Notes
Turn   | Place    | Note
-------+----------+-------------------------------------------
     0 | D:1      | tidbits the Gnoll Necromancer began the quest for the Orb.
     0 | D:1      | Reached XP level 1. HP: 13/13 MP: 6/6
    43 | D:2      | Reached XP level 2. HP: 16/20 MP: 3/7
    46 | D:2      | Learned a level 1 spell: Animate Skeleton
   175 | D:1      | Reached XP level 3. HP: 9/25 MP: 0/9
   180 | D:1      | Learned a level 3 spell: Vampiric Draining
   184 | D:1      | Learned a level 3 spell: Regeneration
   278 | D:2      | Reached skill level 5 in Spellcasting
   380 | D:5      | Entered Level 5 of the Dungeon
   384 | D:5      | Reached skill level 1 in Fighting
   384 | D:5      | Reached skill level 1 in Short Blades
   384 | D:5      | Reached skill level 1 in Long Blades
   384 | D:5      | Reached skill level 1 in Axes
   384 | D:5      | Reached skill level 1 in Maces & Flails
   384 | D:5      | Reached skill level 1 in Polearms
   384 | D:5      | Reached skill level 1 in Staves
   384 | D:5      | Reached skill level 1 in Slings
   384 | D:5      | Reached skill level 1 in Bows
   384 | D:5      | Reached skill level 1 in Crossbows
   384 | D:5      | Reached skill level 1 in Throwing
   384 | D:5      | Reached skill level 1 in Armour
   384 | D:5      | Reached skill level 1 in Shields
   384 | D:5      | Reached skill level 1 in Unarmed Combat
   384 | D:5      | Reached skill level 1 in Invocations
   384 | D:5      | Reached skill level 1 in Evocations
   384 | D:5      | Reached XP level 4. HP: 10/32 MP: 2/11
   458 | D:4      | HP: 3/32 [poisoned by a worker ant]
   462 | D:4      | Reached skill level 4 in Fighting
   462 | D:4      | Reached skill level 4 in Short Blades
   462 | D:4      | Reached skill level 4 in Long Blades
   462 | D:4      | Reached skill level 4 in Axes
   462 | D:4      | Reached skill level 4 in Maces & Flails
   462 | D:4      | Reached skill level 4 in Polearms
   462 | D:4      | Reached skill level 4 in Staves
   462 | D:4      | Reached skill level 4 in Slings
   462 | D:4      | Reached skill level 4 in Bows
   462 | D:4      | Reached skill level 4 in Crossbows
   462 | D:4      | Reached skill level 4 in Throwing
   462 | D:4      | Reached skill level 4 in Armour
   462 | D:4      | Reached skill level 6 in Dodging
   462 | D:4      | Reached skill level 5 in Stealth
   462 | D:4      | Reached skill level 4 in Shields
   462 | D:4      | Reached skill level 4 in Unarmed Combat
   462 | D:4      | Reached skill level 6 in Spellcasting
   462 | D:4      | Reached skill level 3 in Conjurations
   462 | D:4      | Reached skill level 3 in Hexes
   462 | D:4      | Reached skill level 3 in Charms
   462 | D:4      | Reached skill level 3 in Summonings
   462 | D:4      | Reached skill level 3 in Translocations
   462 | D:4      | Reached skill level 3 in Transmutations
   462 | D:4      | Reached skill level 3 in Fire Magic
   462 | D:4      | Reached skill level 3 in Ice Magic
   462 | D:4      | Reached skill level 3 in Air Magic
   462 | D:4      | Reached skill level 3 in Earth Magic
   462 | D:4      | Reached skill level 3 in Poison Magic
   462 | D:4      | Reached skill level 4 in Invocations
   462 | D:4      | Reached skill level 4 in Evocations
   462 | D:4      | Reached XP level 5. HP: 5/42 MP: 3/14
   466 | D:4      | Succumbed to a worker ant's poison

Skill      XL: |  1  2  3  4 |
---------------+-------------+-----
Spellcasting   | 5 6 |  6.5
Fighting       | 1 4 |  4.0
Short Blades   | 1 4 |  4.0
Long Blades    | 1 4 |  4.0
Axes           | 1 4 |  4.0
Maces & Flails | 1 4 |  4.0
Polearms       | 1 4 |  4.0
Staves         | 1 4 |  4.0
Slings         | 1 4 |  4.0
Bows           | 1 4 |  4.0
Crossbows      | 1 4 |  4.0
Throwing       | 1 4 |  4.0
Armour         | 1 4 |  4.0
Shields        | 1 4 |  4.0
Unarmed Combat | 1 4 |  4.0
Invocations    | 1 4 |  4.5
Evocations     | 1 4 |  4.0
Dodging        | 6 |  6.2
Stealth        | 5 |  5.9
Conjurations   | 3 |  3.3
Hexes          | 3 |  3.3
Charms         | 3 |  3.3
Summonings     | 3 |  3.3
Translocations | 3 |  3.3
Transmutations | 3 |  3.3
Fire Magic     | 3 |  3.3
Ice Magic      | 3 |  3.3
Air Magic      | 3 |  3.3
Earth Magic    | 3 |  3.3
Poison Magic   | 3 |  3.3
Necromancy     | |  7.9

Action                   |  1- 3 |  4- 6 || total
-------------------------+-------+-------++-------
Melee: Unarmed           |     1 |       ||     1
       Short sword       |     8 |     1 ||     9
       Bite              |     2 |       ||     2
 Cast: Pain              |    35 |     7 ||    42
       Regeneration      |     1 |       ||     1
       Vampiric Draining |       |     2 ||     2
  Use: Potion            |       |     2 ||     2
 Stab: Sleeping          |     2 |       ||     2
Armor: Robe              |     2 |     1 ||     3
Dodge: Dodged            |     9 |     2 ||    11

Table legend:
 A = Turns spent in this place as a percentage of turns spent in the entire game.
 B = Non-inter-level travel turns spent in this place as a percentage of non-inter-level travel turns spent in the entire game.
 C = Inter-level travel turns spent in this place as a percentage of turns spent in this place.
 D = Turns resting spent in this place as a percentage of non-inter-level travel turns spent in this place.
 E = Turns spent auto-exploring this place as a percentage of non-inter-level travel turns spent in this place.
 F = Non-inter-level travel turns spent in this place divided by the number of levels of this place that you've seen.
                   A       B       C       D       E      F
               +-------+-------+-------+-------+-------+----------------------
         Total | 100.0 | 100.0 |   0.0 |   0.0 |   0.0 |  93.2
       Dungeon | 100.0 | 100.0 |   0.0 |   0.0 |   0.0 |  93.2
               +-------+-------+-------+-------+-------+----------------------

Table legend:
 A = Kills in this place as a percentage of kills in entire the game.
 B = Kills by you in this place as a percentage of kills by you in the entire game.
 C = Kills by friends in this place as a percentage of kills by friends in the entire game.
 D = Other kills in this place as a percentage of other kills in the entire game.
 E = Experience gained in this place as a percentage of experience gained in the entire game.
 F = Experience gained in this place divided by the number of levels of this place that you have seen.
                   A       B       C       D       E      F
               +-------+-------+-------+-------+-------+----------------------
         Total | 100.0 | 100.0 |   N/A |   N/A | 100.0 |  26.4
       Dungeon | 100.0 | 100.0 |   N/A |   N/A | 100.0 |  26.4
               +-------+-------+-------+-------+-------+----------------------

Vault maps used:
D:1:      lemuel_arrival_cross, minivault_19, minmay_cut_off
D:2:      first_ration
D:3:      gammafunk_temple_overflow_statue, grunt_temple_overflow_open,
          minmay_tree_intersection, uniq_sigmund
D:4:      nicolae_ru_the_path_less_chosen, serial_shops,
          nicolae_shop_window_shopping, uniq_grinder
D:5:      temple_statues
